 Dungeon Crawl Stone Soup version 0.23-a0-295-g2e428d4 (webtiles) character file.

90 mhoghedin the Bolt Thrower (level 4, 0/28 HPs)
             Began as a Kobold Hunter on Oct 4, 2018.
             Was an Initiate of Ru.
             Slain by an orc
             ... wielding a +0 mace
              (5 damage)
             ... on level 2 of the Dungeon.
             The game lasted 00:02:28 (1108 turns).

mhoghedin the Bolt Thrower (Kobold Hunter)          Turns: 1108, Time: 00:02:29

Health: 0/28       AC:  8    Str:  9    XL:     4   Next: 85%
Magic:  0/4        EV: 14    Int: 12    God:    Ru [......]
Gold:   82         SH:  0    Dex: 16    Spells: 3/3 levels left

rFire    + . .     SeeInvis .   a - +1 hand crossbow
rCold    . . .     Gourm    .   (shield restricted)
rNeg     . . .     Faith    .   n - +2 ring mail {rF+}
rPois    .         Spirit   +   l - +0 helmet
rElec    .         Reflect  .   (no cloak)
rCorr    .         Harm     .   (no gloves)
MR       .....                  (no boots)
Stlth    +.........             o - amulet of guardian spirit {Spirit}
HPRegen  0.09/turn              (no ring)
MPRegen  0.09/turn              (no ring)

@: no status effects
A: small, carnivore
a: Renounce Religion


You were on level 2 of the Dungeon.
You worshipped Ru.
Ru was noncommittal.
You were hungry.

You visited 1 branch of the dungeon, and saw 2 of its levels.

You collected 82 gold pieces.

Inventory:

Hand Weapons
 a - a +1 hand crossbow (weapon)
 b - a +0 short sword
Missiles
 d - 4 bolts (quivered)
Armour
 l - a +0 helmet (worn)
   (You found it on level 1 of the Dungeon)
 n - a +2 ring mail of fire resistance (worn)
   (You found it on level 1 of the Dungeon)
Jewellery
 o - an amulet of guardian spirit (around neck) {Spirit}
   (You found it on level 1 of the Dungeon)
 s - a cursed ring of teleportation {unknown}
   (You found it on level 2 of the Dungeon)
Scrolls
 c - a scroll of remove curse {unknown}
 e - 3 scrolls of identify {unknown}
 h - a scroll of fear {unknown}
 i - 2 scrolls of teleportation {unknown}
 m - 2 scrolls of immolation {unknown}
 t - a scroll of magic mapping {unknown}
Potions
 g - a potion of heal wounds {unknown}
 j - a potion of might {unknown}
 k - a potion of haste {unknown}
 p - 2 potions of curing
 q - a potion of brilliance {unknown}
 r - a potion of magic {unknown}
 u - a potion of cancellation {unknown}
Comestibles
 f - 3 rations


   Skills:
 + Level 3.4 Fighting
 + Level 5.6 Crossbows
 + Level 3.8 Dodging
 - Level 1.3 Stealth


You had 3 spell levels left.
You didn't know any spells.
Your spell library was empty.

Dungeon Overview and Level Annotations

Branches:
Dungeon (2/15)

Altars:
Ru


Innate Abilities, Weirdness & Mutations

You are small and have problems with some larger weapons.
You are carnivorous and can eat meat at any time.


Message History

Firing (i - inventory)
d - 20 bolts (quivered)
Aim: an orc, wielding a club and wearing a ring mail You shoot a bolt.
The bolt barely misses the orc.
The orc priest shouts!
Firing (i - inventory)
d - 19 bolts (quivered)
Aim: an orc, wielding a club and wearing a ring mail You shoot a bolt.
The bolt hits the orc!
You kill the orc!
An orc comes into view. It is wielding a mace.
Firing (i - inventory)
d - 18 bolts (quivered)
Aim: an orc priest, wielding a short sword and wearing a leather armour You shoot a bolt.
The bolt hits the orc priest but does no damage.
An orc comes into view. It is wielding a mace.
Firing (i - inventory)
d - 17 bolts (quivered)
Aim: an orc priest, wielding a short sword and wearing a leather armour You shoot a bolt.
The bolt barely misses the orc priest.
Firing (i - inventory)
d - 16 bolts (quivered)
Aim: an orc priest, wielding a short sword and wearing a leather armour You shoot a bolt.
The bolt hits the orc priest!
An orc wizard comes into view. It is wielding a dagger.
Firing (i - inventory)
d - 15 bolts (quivered)
Aim: an orc priest, wielding a short sword and wearing a leather armour You shoot a bolt.
The bolt hits the orc priest but does no damage.
Firing (i - inventory)
d - 14 bolts (quivered)
Aim: an orc priest, wielding a short sword and wearing a leather armour You shoot a bolt.
The bolt hits the orc priest but does no damage.
The orc priest invokes the aid of Beogh against you.
Pain shoots through your body!
You take 10 damage, and have 18/28 hp.
MASSIVE DAMAGE!!
You now have 3/4 mp.
Firing (i - inventory)
d - 13 bolts (quivered)
Aim: an orc priest, wielding a short sword and wearing a leather armour You shoot a bolt.
The bolt hits the orc priest.
Firing (i - inventory)
d - 12 bolts (quivered)
You shoot a bolt.
The bolt hits the orc priest but does no damage.
The orc priest hits you but does no damage.
The orc completely misses you. The orc priest completely misses you.
Firing (i - inventory)
d - 11 bolts (quivered)
You shoot a bolt.
The bolt hits the orc priest but does no damage.
The orc barely misses you. The orc priest barely misses you.
Firing (i - inventory)
d - 10 bolts (quivered)
Aim: an orc, wielding a mace and wearing a leather armour You shoot a bolt.
The bolt hits the orc priest.
The orc priest hits you with a short sword.
The orc misses you.
You take 1 damage, and have 17/28 hp.
Firing (i - inventory)
d - 9 bolts (quivered)
You shoot a bolt. The bolt closely misses the orc priest.
The bolt hits the orc wizard.
The orc priest misses you. The orc hits you but does no damage.
Firing (i - inventory)
d - 8 bolts (quivered)
Aim: an orc, wielding a mace and wearing a leather armour You shoot a bolt.
The bolt closely misses the orc priest.
The bolt hits the orc wizard but does no damage.
The orc priest hits you with a short sword.
The orc wizard casts a spell.
The orc wizard blinks!
The orc barely misses you.
The orc priest mumbles some strange prayers to Beogh against you.
Beogh smites you!
* * * LOW HITPOINT WARNING * * *
You take 12 damage, and have 5/28 hp.
MASSIVE DAMAGE!!
You now have 1/4 mp.
Firing (i - inventory)
d - 7 bolts (quivered)
Aim: an orc, wielding a mace and wearing a leather armour You shoot a bolt.
The bolt hits the orc priest!
You kill the orc priest!
The orc barely misses you.
Firing (i - inventory)
d - 6 bolts (quivered)
Aim: an orc wizard, wielding a dagger and wearing a robe (lightly wounded)
You shoot a bolt. The bolt hits the orc wizard!
The orc hits you but does no damage. The orc completely misses you.
The orc wizard casts a spell.
The orc wizard seems to speed up.
Firing (i - inventory)
d - 5 bolts (quivered)
Aim: an orc wizard, wielding a dagger and wearing a robe (severely wounded, You shoot a bolt.
The bolt closely misses the orc wizard.
The orc wizard hits you with a dagger.
* * * LOW HITPOINT WARNING * * *
The orc hits you but does no damage. The orc hits you with a mace.
* * * LOW HITPOINT WARNING * * *
The orc wizard barely misses you.
You take 4 damage, and have 2/28 hp.
Unknown command.
Unknown command.
Unknown command.
Unknown command.
It was a potion of curing.
You feel better.
You are feeling hungry.
The orc wizard casts a spell at you. The magic dart hits you!
* * * LOW HITPOINT WARNING * * *
The orc misses you. The orc hits you with a mace.
You die...

.............................#
.##########...........######.#
## ..####### ######.....## #.#
#. .....)..## #..#.########.#
#.
....##...#######..#..........#
#.
...###.#............##########
#. #.## #...#######....# #.
#.# ##### #....# #. #.# #@o((#
#. #.# .(((((oo...# #. #.#
#########..#### #. #.#
........# #. #..##.#########.
#.......<.......
#.###.########## #.# # #.# #


You could see an orc wizard and 2 orcs.

Vanquished Creatures
  An orc priest (D:2)
  5 dart slugs
  A leopard gecko (D:2)
  An orc (D:2)
  7 bats
  4 giant cockroaches
  3 hobgoblins
  2 jackals (D:1)
  7 kobolds
  A ball python (D:1)
  6 frilled lizards
  4 goblins
  7 rats
49 creatures vanquished.

Notes
Turn   | Place    | Note
-------+----------+-------------------------------------------
     0 | D:1      | mhoghedin the Kobold Hunter began the quest for the Orb.
     0 | D:1      | Reached XP level 1. HP: 12/12 MP: 1/1
    64 | D:1      | Reached skill level 5 in Crossbows
    64 | D:1      | Reached XP level 2. HP: 15/18 MP: 2/2
   168 | D:1      | Reached skill level 3 in Dodging
   187 | D:1      | Reached XP level 3. HP: 22/22 MP: 3/3
   520 | D:1      | Reached skill level 3 in Fighting
   839 | D:2      | Found a sacrificial altar of Ru.
   864 | D:2      | Became a worshipper of Ru the Awakened
   940 | D:2      | Reached XP level 4. HP: 28/28 MP: 4/4
  1104 | D:2      | HP: 5/28 [orc priest/divine providence (8)]
  1107 | D:2      | HP: 2/28 [orc/mace (3)]
  1108 | D:2      | Slain by an orc

Vault maps used:
D:1:      mrwooster_arrival_statue
D:2:      old_standard_altar

Skill      XL: |  1  2  3 |
---------------+----------+-----
Crossbows      | 5 |  5.6
Dodging        | 3 |  3.8
Fighting       | 3 |  3.4
Stealth        | |  1.3

Action                   |  1- 3 |  4- 6 || total
-------------------------+-------+-------++-------
 Fire: Hand crossbow     |    85 |    33 ||   118
  Use: Potion            |       |     1 ||     1
Armor: Ring mail         |     5 |     5 ||    10
       Leather armour    |     1 |       ||     1
Dodge: Dodged            |    20 |    14 ||    34

Table legend:
 A = Non-vault XP
 B = Vault XP
 C = Vault XP percentage of total XP
 D = Non-vault monster count
 E = Vault monster count
 F = Vault count percentage of total count
                 A         B        C        D         E       F
            +---------+---------+-------+---------+---------+-------
      Total |     129 |       0 |   0.0 |      49 |       0 |   0.0
            +---------+---------+-------+---------+---------+-------
        D:1 |      54 |       0 |   0.0 |      29 |       0 |   0.0
        D:2 |      75 |       0 |   0.0 |      20 |       0 |   0.0
            +---------+---------+-------+---------+---------+-------

Vault maps used:
D:1:      mrwooster_arrival_statue
D:2:      old_standard_altar

Table legend:
 A = Turns spent in this place as a percentage of turns spent in the entire game.
 B = Non-inter-level travel turns spent in this place as a percentage of non-inter-level travel turns spent in the entire game.
 C = Inter-level travel turns spent in this place as a percentage of turns spent in this place.
 D = Turns resting spent in this place as a percentage of non-inter-level travel turns spent in this place.
 E = Turns spent auto-exploring this place as a percentage of non-inter-level travel turns spent in this place.
 F = Non-inter-level travel turns spent in this place divided by the number of levels of this place that you've seen.
                   A       B       C       D       E      F
               +-------+-------+-------+-------+-------+----------------------
         Total | 100.0 | 100.0 |   1.5 |   0.0 |  81.3 | 545.5
       Dungeon | 100.0 | 100.0 |   1.5 |   0.0 |  81.3 | 545.5
               +-------+-------+-------+-------+-------+----------------------

Table legend:
 A = Kills in this place as a percentage of kills in entire the game.
 B = Kills by you in this place as a percentage of kills by you in the entire game.
 C = Kills by friends in this place as a percentage of kills by friends in the entire game.
 D = Other kills in this place as a percentage of other kills in the entire game.
 E = Experience gained in this place as a percentage of experience gained in the entire game.
 F = Experience gained in this place divided by the number of levels of this place that you have seen.
                   A       B       C       D       E      F
               +-------+-------+-------+-------+-------+----------------------
         Total | 100.0 | 100.0 |   N/A |   N/A | 100.0 |  64.5
       Dungeon | 100.0 | 100.0 |   N/A |   N/A | 100.0 |  64.5
               +-------+-------+-------+-------+-------+----------------------
